[ AOE2 MATCH · #505236566 ]
UnrankedPortuguese vs Tatars
Rival team · LOSS
[ REPLAY ANALYSIS · EXTRACTED FROM THE RECORDED GAME ]
Feudal
10:14
Castle
22:34
Imperial
—
| APM avg | 69.2 |
| APM peak | 92 |
| eAPM avg | 25.0 |
| Villagers / military | 59 / 41 |
Focus
⚔️ 27.2% · 🌾 72.8%
Archer ×36 · Militia ×4 · Spearman ×1
Feudal
8:53
Castle
25:06
Imperial
—
| APM avg | 74.1 |
| APM peak | 100 |
| eAPM avg | 27.8 |
| Villagers / military | 58 / 42 |
Focus
⚔️ 33.9% · 🌾 66.1%
Archer ×32 · Skirmisher ×9 · Spearman ×1
Match map
Initial resources + every placement click. Lines = walls · curves = elevation contours. ◆ gold · ⬟ stone · ● berries · ✦ relic · ◌ wall gap
Your base· Open — 14t gap
PNAL | Miller's base· Open — 3t gap
Smoothed initial terrain · ◌ = detected wall gap · hover for details
Inputs per minute
— _TieuQuy - - PNAL | Miller
Build order — _TieuQuy
First 150 of 167 actions detected
| 0:01 | Create | Villager (Male) |
| 0:01 | Create | Villager (Male) |
| 0:02 | Build | House |
| 0:03 | Build | House |
| 0:10 | Create | Villager (Male) |
| 0:11 | Create | Villager (Male) |
| 1:25 | Create | Villager (Male) |
| 1:59 | Create | Villager (Male) |
| 2:00 | Create | Villager (Male) |
| 2:17 | Create | Villager (Male) |
| 2:27 | Build | Lumber Camp |
| 2:49 | Create | Villager (Male) |
| 3:06 | Create | Villager (Male) |
| 3:06 | Create | Villager (Male) |
| 3:37 | Create | Villager (Male) |
| 3:37 | Create | Villager (Male) |
| 3:55 | Create | Villager (Male) |
| 3:55 | Create | Villager (Male) |
| 3:57 | Build | House |
| 4:29 | Create | Villager (Male) |
| 4:29 | Create | Villager (Male) |
| 4:41 | Build | Barracks |
| 5:00 | Create | Villager (Male) |
| 5:15 | Create | Villager (Male) |
| 5:22 | Build | House |
| 5:23 | Build | Palisade Wall |
| 5:35 | Create | Militia |
| 5:35 | Create | Militia |
| 5:43 | Create | Villager (Male) |
| 5:46 | Create | Villager (Male) |
| 6:09 | Build | Mill |
| 6:32 | Create | Villager (Male) |
| 6:57 | Create | Villager (Male) |
| 7:25 | Research | Loom |
| 7:27 | Build | Mining Camp |
| 8:04 | Research | Feudal Age |
| 8:04 | Research | Feudal Age |
| 8:27 | Create | Militia |
| 8:48 | Create | Militia |
| 8:52 | Build | House |
| 9:02 | Build | Farm |
| 9:04 | Build | Farm |
| 9:26 | Build | House |
| 9:54 | Create | Villager (Male) |
| 10:14 | Age | Feudal Age |
| 10:17 | Research | Man-at-Arms (upgrade) |
| 10:19 | Build | Archery Range |
| 10:37 | Create | Villager (Male) |
| 10:39 | Research | Double-Bit Axe |
| 10:39 | Research | Double-Bit Axe |
| 10:51 | Create | Spearman |
| 10:58 | Build | Farm |
| 11:03 | Build | House |
| 11:04 | Build | House |
| 11:09 | Create | Villager (Male) |
| 11:09 | Create | Villager (Male) |
| 11:17 | Create | Archer |
| 11:27 | Create | Villager (Male) |
| 11:37 | Create | Archer |
| 11:41 | Build | House |
| 11:41 | Build | House |
| 11:49 | Create | Villager (Male) |
| 12:19 | Create | Villager (Male) |
| 12:26 | Build | Farm |
| 12:32 | Build | Blacksmith |
| 12:41 | Build | House |
| 12:42 | Create | Villager (Male) |
| 12:43 | Create | Archer |
| 12:44 | Create | Archer |
| 12:55 | Create | Villager (Male) |
| 13:14 | Build | Farm |
| 13:16 | Build | House |
| 13:18 | Research | Fletching |
| 13:18 | Research | Fletching |
| 13:21 | Build | House |
| 13:23 | Create | Archer |
| 13:32 | Create | Villager (Male) |
| 13:42 | Build | Archery Range |
| 13:50 | Create | Villager (Male) |
| 13:53 | Build | Palisade Wall |
| 13:54 | Build | Farm |
| 14:10 | Build | Lumber Camp |
| 14:12 | Create | Villager (Male) |
| 14:30 | Build | Farm |
| 14:31 | Create | Archer |
| 14:43 | Create | Archer |
| 14:46 | Create | Villager (Male) |
| 15:05 | Create | Villager (Male) |
| 15:06 | Build | Farm |
| 15:38 | Create | Villager (Male) |
| 15:41 | Build | House |
| 15:42 | Create | Archer |
| 15:43 | Create | Archer ×4 |
| 15:49 | Create | Villager (Male) |
| 15:59 | Build | Farm |
| 16:05 | Create | Villager (Male) |
| 16:07 | Build | Market |
| 16:11 | Create | Archer |
| 16:15 | Create | Villager (Male) |
| 16:30 | Build | Farm |
| 16:31 | Create | Villager (Male) |
| 16:40 | Create | Archer |
| 16:43 | Create | Villager (Male) |
| 16:58 | Create | Archer |
| 17:05 | Build | Farm |
| 17:08 | Build | Farm |
| 17:33 | Create | Villager (Male) |
| 17:53 | Create | Villager (Male) |
| 17:55 | Build | House |
| 17:59 | Create | Villager (Male) |
| 18:26 | Create | Archer |
| 19:15 | Create | Archer |
| 19:15 | Create | Archer |
| 19:17 | Create | Villager (Male) |
| 19:19 | Build | Farm |
| 19:20 | Build | Farm |
| 19:21 | Build | Farm |
| 19:49 | Research | Castle Age |
| 19:49 | Research | Castle Age |
| 19:49 | Research | Castle Age |
| 19:58 | Create | Archer |
| 19:59 | Create | Archer |
| 20:20 | Create | Archer |
| 20:20 | Create | Archer |
| 20:24 | Research | Gold Mining |
| 20:24 | Research | Horse Collar |
| 20:24 | Research | Horse Collar |
| 20:49 | Create | Villager (Male) |
| 20:50 | Create | Archer |
| 20:51 | Create | Archer |
| 21:10 | Create | Archer |
| 21:11 | Create | Archer |
| 21:20 | Build | House |
| 21:21 | Build | House |
| 22:01 | Create | Archer |
| 22:01 | Create | Archer |
| 22:12 | Build | Palisade Wall |
| 22:29 | Create | Villager (Male) |
| 22:34 | Create | Villager (Male) |
| 22:34 | Age | Castle Age |
| 22:37 | Research | Crossbowman (upgrade) |
| 22:37 | Research | Bodkin Arrow |
| 22:37 | Research | Bodkin Arrow |
| 22:38 | Create | Villager (Male) |
| 22:40 | Build | University |
| 23:02 | Create | Villager (Male) |
| 23:13 | Research | Ballistics |
| 23:22 | Create | Villager (Male) |
| 23:44 | Create | Villager (Male) |
| 23:50 | Build | Town Center |
Build order — PNAL | Miller
First 150 of 179 actions detected
| 0:01 | Create | Villager (Male) ×4 |
| 0:02 | Build | House |
| 0:06 | Build | House |
| 1:14 | Build | Mill |
| 1:41 | Create | Villager (Male) |
| 1:41 | Create | Villager (Male) |
| 1:42 | Create | Villager (Male) |
| 2:03 | Create | Villager (Male) |
| 2:03 | Create | Villager (Male) |
| 2:03 | Create | Villager (Male) |
| 2:33 | Create | Villager (Male) |
| 2:33 | Create | Villager (Male) |
| 2:33 | Create | Villager (Male) |
| 2:52 | Create | Villager (Male) |
| 2:52 | Create | Villager (Male) |
| 3:13 | Create | Villager (Male) |
| 3:14 | Create | Villager (Male) |
| 3:20 | Create | Villager (Male) |
| 3:51 | Build | House |
| 4:03 | Create | Villager (Male) |
| 4:10 | Create | Villager (Male) |
| 4:41 | Create | Villager (Male) |
| 4:59 | Create | Villager (Male) |
| 5:25 | Build | Lumber Camp |
| 5:39 | Create | Villager (Male) |
| 5:54 | Research | Loom |
| 5:54 | Research | Loom |
| 6:29 | Research | Feudal Age |
| 6:29 | Research | Feudal Age |
| 7:22 | Build | Palisade Wall |
| 7:23 | Build | Palisade Wall |
| 7:24 | Build | House |
| 7:33 | Create | Villager (Male) |
| 7:36 | Build | Palisade Wall |
| 7:36 | Build | Palisade Wall |
| 7:46 | Build | Palisade Wall |
| 7:53 | Build | Palisade Wall |
| 7:58 | Build | Palisade Wall |
| 8:01 | Build | Palisade Wall |
| 8:04 | Create | Villager (Male) |
| 8:11 | Build | Barracks |
| 8:13 | Build | House |
| 8:17 | Build | House |
| 8:53 | Age | Feudal Age |
| 9:00 | Create | Spearman |
| 9:08 | Create | Villager (Male) |
| 9:18 | Build | Archery Range |
| 9:27 | Create | Villager (Male) |
| 9:39 | Research | Double-Bit Axe |
| 9:46 | Create | Villager (Male) |
| 10:01 | Create | Archer |
| 10:01 | Create | Archer |
| 10:01 | Create | Archer |
| 10:12 | Build | Mining Camp |
| 10:15 | Create | Villager (Male) |
| 10:23 | Create | Archer |
| 10:26 | Create | Villager (Male) |
| 10:42 | Create | Villager (Male) |
| 10:45 | Build | House |
| 11:02 | Build | Farm |
| 11:04 | Build | Farm |
| 11:18 | Create | Archer |
| 11:23 | Build | Palisade Wall |
| 11:27 | Create | Villager (Male) |
| 11:33 | Build | Palisade Wall |
| 11:38 | Create | Villager (Male) |
| 11:43 | Create | Archer |
| 12:15 | Create | Villager (Male) |
| 12:31 | Build | Blacksmith |
| 12:42 | Build | Farm |
| 12:44 | Create | Archer |
| 13:09 | Create | Villager (Male) |
| 13:13 | Build | Mill |
| 13:15 | Research | Fletching |
| 13:19 | Create | Archer |
| 13:28 | Build | Palisade Wall |
| 13:33 | Research | Town Watch |
| 13:36 | Build | House |
| 13:45 | Create | Villager (Male) |
| 13:48 | Build | House |
| 13:50 | Create | Archer |
| 14:15 | Build | Lumber Camp |
| 14:22 | Build | Palisade Wall |
| 14:28 | Create | Villager (Male) |
| 14:38 | Create | Archer |
| 14:43 | Create | Villager (Male) |
| 14:44 | Create | Archer |
| 14:59 | Build | Palisade Wall |
| 15:04 | Build | Watch Tower |
| 15:07 | Build | Farm |
| 15:09 | Create | Villager (Male) |
| 15:35 | Create | Villager (Male) |
| 15:36 | Create | Archer |
| 15:40 | Build | Farm |
| 15:40 | Build | Farm |
| 15:41 | Build | Farm |
| 15:58 | Create | Archer |
| 16:11 | Build | Farm |
| 16:12 | Build | Farm |
| 16:12 | Build | Farm |
| 16:12 | Create | Villager (Male) |
| 16:18 | Build | Palisade Wall |
| 16:23 | Create | Villager (Male) |
| 16:26 | Build | House |
| 16:42 | Create | Villager (Male) |
| 16:50 | Build | Farm |
| 16:51 | Create | Villager (Male) |
| 16:54 | Create | Archer |
| 16:56 | Build | House |
| 17:04 | Create | Villager (Male) |
| 17:41 | Build | Farm |
| 17:41 | Build | Farm |
| 17:41 | Build | Farm |
| 17:48 | Create | Archer |
| 17:49 | Create | Villager (Male) |
| 17:51 | Create | Skirmisher |
| 18:07 | Build | House |
| 18:29 | Create | Skirmisher |
| 18:30 | Create | Villager (Male) |
| 18:48 | Create | Villager (Male) |
| 18:50 | Create | Skirmisher |
| 18:51 | Create | Villager (Male) |
| 18:53 | Build | Archery Range |
| 19:10 | Research | Padded Archer Armor |
| 19:11 | Create | Villager (Male) |
| 19:27 | Create | Villager (Male) |
| 19:35 | Create | Archer |
| 19:36 | Create | Archer |
| 19:58 | Create | Skirmisher |
| 19:58 | Create | Skirmisher |
| 20:00 | Create | Villager (Male) |
| 20:02 | Build | Market |
| 20:08 | Build | Market |
| 20:11 | Build | House |
| 20:15 | Create | Skirmisher |
| 20:15 | Create | Skirmisher |
| 20:20 | Build | House |
| 20:47 | Create | Villager (Male) |
| 20:55 | Create | Skirmisher |
| 20:55 | Create | Skirmisher |
| 21:08 | Create | Villager (Male) |
| 21:23 | Build | House |
| 21:42 | Build | Palisade Wall |
| 21:45 | Build | Farm |
| 21:46 | Create | Villager (Male) |
| 21:47 | Build | Farm |
| 21:47 | Build | Farm |
| 21:47 | Build | Farm |
| 22:26 | Research | Castle Age |
| 22:26 | Research | Castle Age |
Match timeline
| 4:41 | _TieuQuy · first_building Barracks |
| 5:23 | _TieuQuy · wall_segment Palisade Wall x1 |
| 7:22 | PNAL | Miller · wall_segment Palisade Wall x1 |
| 7:23 | PNAL | Miller · wall_segment Palisade Wall x1 |
| 7:36 | PNAL | Miller · wall_segment Palisade Wall x1 |
| 7:36 | PNAL | Miller · wall_segment Palisade Wall x1 |
| 7:46 | PNAL | Miller · wall_segment Palisade Wall x1 |
| 7:53 | PNAL | Miller · wall_segment Palisade Wall x1 |
| 7:58 | PNAL | Miller · wall_segment Palisade Wall x3 |
| 8:01 | PNAL | Miller · wall_segment Palisade Wall x1 |
| 8:11 | PNAL | Miller · first_building Barracks |
| 8:53 | PNAL | Miller · age_up feudal |
| 9:18 | PNAL | Miller · first_building Archery Range |
| 10:14 | _TieuQuy · age_up feudal |
| 10:19 | _TieuQuy · first_building Archery Range |
| 11:23 | PNAL | Miller · wall_segment Palisade Wall x10 |
| 11:33 | PNAL | Miller · wall_segment Palisade Wall x1 |
| 13:28 | PNAL | Miller · wall_segment Palisade Wall x15 |
| 13:53 | _TieuQuy · wall_segment Palisade Wall x1 |
| 14:22 | PNAL | Miller · wall_segment Palisade Wall x5 |
| 14:59 | PNAL | Miller · wall_segment Palisade Wall x6 |
| 16:18 | PNAL | Miller · wall_segment Palisade Wall x12 |
| 19:33 | _TieuQuy · first_market_buy 100 food |
| 19:33 | _TieuQuy · first_market_sell 100 stone |
| 21:04 | PNAL | Miller · first_market_buy 100 food |
| 21:42 | PNAL | Miller · wall_segment Palisade Wall x1 |
| 21:53 | PNAL | Miller · first_market_sell 100 wood |
| 22:12 | _TieuQuy · wall_segment Palisade Wall x3 |
| 22:34 | _TieuQuy · age_up castle |
| 23:08 | PNAL | Miller · wall_segment Palisade Wall x1 |
| 24:05 | _TieuQuy · wall_segment Palisade Wall x6 |
| 24:36 | _TieuQuy · wall_segment Palisade Wall x6 |
| 25:06 | PNAL | Miller · age_up castle |
| 25:27 | PNAL | Miller · resign |
[ AI ANALYSIS · 1 CREDIT ]
What really happened in this match?
Wolo.gg analyzes every decision: build order, eco, micro, common mistakes by bracket. Personalized analysis on WhatsApp or Discord in 30 seconds.
Civ guide
Portuguese
Perfil
Jugador #2593750